 Dungeon Crawl Stone Soup version 0.27-a0-1140-g099f9bb0e8 (webtiles) character file.

Game seed: 12650709743143140918

552 Froggeryz the Cudgeller (level 7, -4/51 HPs)
             Began as a Human Wanderer on May 10, 2021.
             Was an Initiate of Ru.
             Slain by an ogre
             ... wielding a +0 giant spiked club
              (25 damage)
             ... on level 4 of the Dungeon.
             The game lasted 00:07:19 (5866 turns).

Froggeryz the Cudgeller (Human Wanderer)            Turns: 5866, Time: 00:07:20

Health: -4/51      AC:  6    Str: 15    XL:     7   Next: 55%
Magic:  7/7        EV:  9    Int: 12    God:    Ru [......]
Gold:   198        SH:  0    Dex: 12    Spells: 6/6 levels left

rFire    . . .     SeeInvis .   k - +0 flail
rCold    + . .     Faith    .   (no shield)
rNeg     + . .     Spirit   .   a - +0 scale mail
rPois    .         Reflect  .   (no helmet)
rElec    .         Harm     .   (no cloak)
rCorr    .         Rampage  .   (no gloves)
Will     .....                  (no boots)
Stlth    ..........             (no amulet)
HPRegen  0.17/turn              m - ring of protection from cold
MPRegen  0.10/turn              n - ring of positive energy

@: no status effects
A: no striking features
a: Renounce Religion


You were on level 4 of the Dungeon.
You worshipped Ru.
Ru was noncommittal.
You visited 1 branch of the dungeon, and saw 4 of its levels.

You collected 198 gold pieces.

Inventory:

Hand Weapons
 k - a +0 flail (weapon)
Armour
 a - a +0 scale mail (worn)
 f - a +2 ring mail of fire resistance
Jewellery
 m - a ring of protection from cold (left hand)
 n - a ring of positive energy (right hand)
Wands
 b - a wand of flame (12)
Scrolls
 c - 3 scrolls of teleportation
 g - 2 scrolls of identify
 h - a scroll of amnesia {unknown}
 i - a scroll of enchant weapon
Potions
 d - a potion of invisibility {unknown}
 e - a potion of lignification {unknown}
 j - 2 potions of curing
 l - a potion of haste {unknown}


   Skills:
 - Level 2.6 Fighting
 * Level 5.8 Maces & Flails
 - Level 3.1 Armour
 - Level 1.0 Stealth
 - Level 1.0 Shields
 - Level 5.5 Unarmed Combat
 - Level 1.0 Evocations


You had 6 spell levels left.
You didn't know any spells.
Your spell library contained the following spells:

 Spells                   Type           Power      Damage    Failure   Level
 Beastly Appendage        Tmut           0%         N/A       77%         1
 Wereblood                Tmut           0%         N/A       88%         2
 Confusing Touch          Hex            0%         N/A       98%         3
 Gell's Gravitas          Tloc           0%         N/A       98%         3
 Spider Form              Tmut/Pois      0%         N/A       98%         3
 Ice Form                 Ice/Tmut       0%         N/A       100%        4
 Petrify                  Tmut/Erth      0%         N/A       100%        4
 Hydra Form               Tmut           0%         N/A       100%        5
 Metabolic Englaciation   Hex/Ice        0%         N/A       100%        5
 Yara's Violent Unravell  Hex/Tmut       0%         3d3       100%        5


Dungeon Overview and Level Annotations

Branches:
Dungeon (4/15)
 Temple: D:4-7

Altars:
Elyvilon
Ru
Wu Jian

Shops:
D:1 (   D:4 (

Annotations:
D:3 Sigmund


Message History

No target in view!
No target in view!
A howler monkey comes into view.
The howler monkey hoots and howls with incredible vigour!
You hear a shout!
You hear an angry hiss.
A howler monkey is nearby!
A howler monkey is nearby!
You hit the howler monkey but do no damage.
An ogre comes into view. It is wielding a +0 giant spiked club.
The howler monkey hits you but does no damage.
You barely miss the howler monkey.
The howler monkey hits you but does no damage.
You hit the howler monkey but do no damage.
You punch the howler monkey.
The howler monkey is lightly wounded.
The howler monkey hits you but does no damage. x2
You thump the howler monkey!
The howler monkey is severely wounded.
The howler monkey hoots and howls with incredible vigour!
You hear an angry hiss.
You thump the howler monkey!
You kill the howler monkey!
You barely miss the ogre.
The ogre hits you with a +0 giant spiked club!!
You hit the ogre.
The ogre is moderately wounded.
The ogre hits you with a +0 giant spiked club!
You are too injured to fight recklessly!
You hit the ogre.
The ogre is moderately wounded.
You sock the ogre!
The ogre is severely wounded.
The ogre hits you with a +0 giant spiked club.
You hit the ogre.
The ogre is severely wounded.
The ogre barely misses you.
You barely miss the ogre.
The ogre is severely wounded.
The ogre hits you with a +0 giant spiked club!!
You die...

............# ####
.............# #...
............### #.##
#.#.........+.# #...
..#.#.........#.########
.....###.†..........#
..#.#..##.#####.####.###
..............).........
.####O@#######.####.###
#.†# #.# .### ##.# #.#
.... #.# #.# #### #..
###'#### ### #......#
#......# #......# ###
###'#### #..


You could see an ogre.

Vanquished Creatures
  Grinder (D:3)
  A scorpion (D:4)
  A howler monkey (D:4)
  Natasha (thrice) (D:2)
  Terence (D:2)
  4 gnolls
  An adder (D:4)
  A howler monkey skeleton (D:4)
  An ufetubus (D:4)
  2 worms (D:2)
  6 orcs
  7 ball pythons
  10 bats
  6 endoplasms
  3 giant cockroaches
  8 goblins
  2 hobgoblins (D:3)
  10 jackals
  8 kobolds
  5 quokkas
  2 frilled lizards
  5 rats
88 creatures vanquished.

Notes
Turn   | Place    | Note
-------+----------+-------------------------------------------
     0 | D:1      | Froggeryz the Human Wanderer began the quest for the Orb.
     0 | D:1      | Froggeryz set off with the following items: a +0 club, a
                  | potion of heal wounds, a scroll of teleportation, a piece
                  | from Xom's chessboard (15/15), a +0 robe, a potion of
                  | berserk rage
     0 | D:1      | Reached XP level 1. HP: 16/16 MP: 1/1
   260 | D:1      | Reached XP level 2. HP: 19/22 MP: 2/2
   338 | D:1      | Found Mymuho's Antique Weapon Shoppe.
   641 | D:1      | Reached XP level 3. HP: 27/27 MP: 3/3
   705 | D:1      | Reached skill level 1 in Maces & Flails
  1713 | D:2      | Noticed Terence
  1886 | D:2      | Killed Terence
  1887 | D:2      | Reached XP level 4. HP: 13/34 MP: 4/4
  2852 | D:2      | Noticed Natasha
  2863 | D:2      | Killed Natasha
  2864 | D:2      | Reached XP level 5. HP: 31/39 MP: 5/5
  3028 | D:2      | Noticed Natasha
  3037 | D:2      | Killed Natasha
  3038 | D:2      | Reached skill level 1 in Armour
  3479 | D:2      | Noticed Natasha
  3499 | D:2      | Killed Natasha
  4244 | D:3      | Noticed Grinder
  4255 | D:3      | Paralysed by Grinder for 5 turns
  4269 | D:3      | Killed Grinder
  4270 | D:3      | Reached XP level 6. HP: 36/46 MP: 6/6
  4270 | D:3      | Reached XP level 7. HP: 40/51 MP: 7/7
  4329 | D:3      | Found an ornate altar of the Wu Jian Council.
  4329 | D:3      | Found a sacrificial altar of Ru.
  4350 | D:3      | Became a worshipper of Ru the Awakened
  4513 | D:2      | Reached skill level 5 in Maces & Flails
  4903 | D:3      | Noticed Sigmund
  5378 | D:4      | Found Reaxas's Weapon Boutique.
  5423 | D:4      | Found a white marble altar of Elyvilon.
  5866 | D:4      | Slain by an ogre

Illustrated notes

Levels and vault maps discovered:
D:1:      psy_arrival_dodecagon, layout_basic, serial_shops, shop,
          roderic_serpentine_path
D:2:      layout_loops_corners, minmay_distorted, uniq_natasha, uniq_terence
D:3:      layout_basic, grunt_temple_overflow_open, minmay_misc_feat_columns,
          uniq_sigmund, uniq_grinder
D:4:      layout_basic, nicolae_elyvilon_peaceful_grove,
          worldfamousw_hep_ancestral_shrine, minmay_temple_entry_ruins,
          serial_shops, shop, nicolae_shop_trees

Skill      XL: |  1  2  3  4  5  6  7 |
---------------+----------------------+-----
Maces & Flails | 2 3 4 5 |  5.8
Armour         | 2 3 |  3.1
Fighting       | |  2.6
Stealth        | |  1.0
Shields        | |  1.0
Unarmed Combat | |  5.5
Evocations     | |  1.0

Action                   |  1- 3 |  4- 6 |  7- 9 || total
-------------------------+-------+-------+-------++-------
Melee: Unarmed           |   136 |   113 |     1 ||   250
       Club              |     3 |       |       ||     3
       Punch             |     4 |     2 |     1 ||     7
       Flail             |       |       |   123 ||   123
Evoke: Wand              |       |       |     2 ||     2
  Use: Scroll            |       |     2 |     2 ||     4
       Potion            |       |     2 |     2 ||     4
 Stab: Sleeping          |     2 |       |       ||     2
       Distracted        |       |       |     1 ||     1
Armor: Robe              |    22 |       |       ||    22
       Ring mail         |     6 |       |       ||     6
       Scale mail        |       |    48 |    43 ||    91
Dodge: Dodged            |    81 |    49 |    88 ||   218

Table legend: (Time is in decaauts)
 A = Elapsed time spent in this place.
 B = Non-inter-level travel time spent in this place.
 C = Inter-level travel time spent in this place.
 D = Time resting spent in this place.
 E = Time spent auto-exploring this place.
 F = Levels seen in this place.
 G = Mean time per level.
                   A        B        C        D        E       F      G
               +--------+--------+--------+--------+--------+-----+--------+
         Total |   5871 |   5357 |    514 |   1898 |   2647 |   4 | 1467.8 |
       Dungeon |   5871 |   5357 |    514 |   1898 |   2647 |   4 | 1467.8 |
               +--------+--------+--------+--------+--------+-----+--------+

Top non-repeatable levels by time:
     D:2: 2597 daAuts
     D:1: 1422 daAuts
     D:3: 1144 daAuts
     D:4: 707 daAuts
